 Dungeon Crawl Stone Soup version 0.31-a0-188-g5e087ee2ca (webtiles) character file.

Game seed: 5663882323212850693

336 qw the Skirmisher (level 6, -1/35 HPs)
             Began as a Deep Elf Hunter on June 23, 2023.
             Slain by an ufetubus (3 damage)
             ... on level 5 of the Dungeon.
             The game lasted 00:01:03 (2265 turns).

qw the Skirmisher (Deep Elf Hunter)                 Turns: 2265, Time: 00:01:04

Health: -1/35      AC:  5    Str:  9    XL:     6   Next: 28%
Magic:  8/8        EV: 10    Int: 18    God:
Gold:   239        SH:  0    Dex: 17    Spells: 5/5 levels left

rFire   . . .        Y - +1 shortbow
rCold   . . .        (shield currently unavailable)
rNeg    . . .        b - +0 ring mail
rPois   .            (no helmet)
rElec   .            (no cloak)
rCorr   .            (no gloves)
SInv    .            (no boots)
Will    +....        (no amulet)
Stlth   +            j - ring of willpower
HPRegen 0.25/turn    (no ring)
MPRegen 0.11/turn

%: no passive effects
@: about to teleport
A: hooves 1, clever 1, evolution 1
a: no special abilities


You were on level 5 of the Dungeon.
You visited 1 branch of the dungeon, and saw 5 of its levels.

You collected 239 gold pieces.


Innate Abilities, Weirdness & Mutations

You have large cloven feet.
Your mind is acute. (Int +4, Str/Dex -1)
You have hidden genetic potential.


   Skills:
 - Level 2.1 Fighting
 + Level 9.7 Ranged Weapons
 - Level 2.4 Dodging
 - Level 1.2 Stealth


You had 5 spell levels left.
You didn't know any spells.
Your spell library was empty.

Inventory:

Hand Weapons
 Y - a +1 shortbow (weapon)
Armour
 b - a +0 ring mail (worn)
Jewellery
 j - a ring of willpower (left hand)
Scrolls
 a - a scroll of teleportation
Potions
 d - 3 potions of curing
 e - a potion of enlightenment
 f - a potion of brilliance {unknown}
 g - a potion of mutation
 h - 2 potions of heal wounds
 i - a potion of magic {unknown}

Dungeon Overview and Level Annotations

Branches:
Dungeon (5/15)
 Temple: D:4-7

Altars:
Ashenzari
Elyvilon
Yredelemnul


Message History

The hound is heavily wounded.
The hound falls through a shaft!
The shaft crumbles and collapses.
You shoot an arrow. The arrow hits the hound.
The hound is lightly wounded.
You shoot an arrow. The arrow closely misses the hound.
The hound bites you.
You shoot an arrow. The arrow hits the hound.
The hound is moderately wounded.
The hound bites you.
You shoot an arrow. The arrow hits the hound.
The hound is heavily wounded.
The hound bites you. The ufetubus hits you.
The ufetubus hits you but does no damage.
The hound closely misses you.
You shoot an arrow. The arrow barely misses the hound.
The hound closely misses you.
The ufetubus hits you but does no damage. x2
You shoot an arrow. The arrow hits the hound.
The hound is severely wounded.
The ufetubus barely misses you. The ufetubus closely misses you.
The hound bites you but does no damage. The ufetubus hits you.
The ufetubus hits you but does no damage.
The hound bites you but does no damage.
You shoot an arrow.
The arrow hits the hound but does no damage.
The hound is severely wounded.
The ufetubus closely misses you. The ufetubus hits you.
The hound barely misses you. The ufetubus hits you.
The ufetubus barely misses you.
You shoot an arrow. The arrow barely misses the hound.
The hound closely misses you.
The ufetubus hits you. x2; The hound bites you.
You shoot an arrow. The arrow hits the hound!
You kill the hound!
The ufetubus hits you. x3
The ufetubus hits you but does no damage.
2265 ||| READING 2 scrolls of teleportation.
As you read the scroll of teleportation, it crumbles to dust.
You feel strangely unstable. The ufetubus hits you.
You die...

# .# . .#
##### #.##
##...##...#
#<.8..@58.+
##...##...#
##### #.##
.# . .# #


You could see an ufetubus.

Vanquished Creatures
  A scorpion (D:4)
  5 hounds
  5 adders
  An ufetubus (D:4)
  3 worms
  4 dart slugs
  2 orcs (D:3)
  9 ball pythons
  5 endoplasms
  2 giant cockroaches (D:1)
  7 goblins
  6 hobgoblins
  4 kobolds
  3 quokkas
  5 bats
  3 frilled lizards
  9 rats
74 creatures vanquished.

Notes
Turn   | Place    | Note
-------+----------+-------------------------------------------
     0 | D:1      | qw the Deep Elf Hunter began the quest for the Orb.
     0 | D:1      | Reached XP level 1. HP: 12/12 MP: 3/3
     0 | D:1      | 0 ||| qw: Version: 0.3-a-9-g12657ce
     0 | D:1      | 0 ||| qw: Game counter: 3386
     0 | D:1      | 0 ||| qw: Always use a shield: true
     0 | D:1      | 0 ||| qw: God list: Okawaru
     0 | D:1      | 0 ||| qw: Allow faded altars: false
     0 | D:1      | 0 ||| qw: Do Orc after D:15 true
     0 | D:1      | 0 ||| qw: Do second Lair branch before Depths: true
     0 | D:1      | 0 ||| qw: Lair rune preference: random
     0 | D:1      | 0 ||| qw: Plans: Normal
     0 | D:1      | 0 ||| PLANNING D:1-11
   116 | D:1      | Reached XP level 2. HP: 16/16 MP: 4/4
   118 | D:1      | Reached skill level 6 in Ranged Weapons
   438 | D:1      | 438 ||| READING scroll labelled MINAUDIFAPS.
   539 | D:1      | 539 ||| DRINKING 3 red potions.
   540 | D:1      | 540 ||| DROPPING scroll of butterflies.
   563 | D:2      | Reached XP level 3. HP: 20/20 MP: 5/5
   625 | D:2      | 625 ||| FLEEEEING.
   626 | D:2      | 626 ||| FLEEEEING.
   627 | D:2      | 627 ||| FLEEEEING.
   628 | D:2      | 628 ||| FLEEEEING.
   672 | D:2      | Reached skill level 7 in Ranged Weapons
   962 | D:2      | 962 ||| READING scroll labelled USUSTU GOCOLI.
   963 | D:2      | 963 ||| READING scroll labelled ZINATU RIAKU.
   966 | D:2      | 966 ||| READING scroll labelled PIREST HIYDEROBAW.
  1044 | D:3      | Found a white marble altar of Elyvilon.
  1081 | D:3      | Reached XP level 4. HP: 25/25 MP: 6/6
  1490 | D:3      | 1490 ||| UPGRADING to +0 ring mail.
  1500 | D:3      | 1500 ||| DROPPING +0 leather armour.
  1501 | D:3      | 1501 ||| UPGRADING to ring of willpower.
  1502 | D:3      | 1502 ||| READING scroll labelled DUCIXKESAI.
  1503 | D:3      | 1503 ||| DRINKING 2 sedimented yellow potions.
  1534 | D:4      | You fall into a shaft and drop 1 floor!
  1534 | D:5      | Entered Level 5 of the Dungeon
  1541 | D:5      | Identified the +1 robe of the Eternal Void {+Blink rC++
                  | Str+3 Dex-4}
  1578 | D:5      | Reached skill level 8 in Ranged Weapons
  1627 | D:5      | 1627 ||| DROPPING +1 robe of the Eternal Void {+Blink rC++
                  | Str+3 Dex-4}.
  1628 | D:5      | 1628 ||| DRINKING 2 metallic green potions.
  1628 | D:5      | Gained mutation: You have hidden genetic potential. [potion
                  | of mutation]
  1628 | D:5      | Gained mutation: You have large cloven feet. [potion of
                  | mutation]
  1669 | D:4      | Found a basalt altar of Yredelemnul.
  1733 | D:4      | Reached XP level 5. HP: 24/29 MP: 7/7
  1842 | D:4      | Reached skill level 9 in Ranged Weapons
  1854 | D:4      | Gained mutation: Your mind is acute. (Int +4, Str/Dex -1)
                  | [hidden potential]
  1894 | D:4      | Reached XP level 6. HP: 22/35 MP: 8/8
  1900 | D:4      | 1900 ||| FLEEEEING.
  1908 | D:4      | 1908 ||| STAIRDANCE
  1942 | D:3      | 1942 ||| READING scroll labelled KETWICAOFIROC.
  1943 | D:3      | 1943 ||| DRINKING 2 inky potions.
  2153 | D:4      | Found a broken altar of Ashenzari.
  2213 | D:4      | 2213 ||| READING scroll labelled FUUMEZ LEAGG.
  2264 | D:5      | HP: 7/35 [ufetubus (2)]
  2264 | D:5      | HP: 3/35 [ufetubus (4)]
  2265 | D:5      | 2265 ||| READING 2 scrolls of teleportation.
  2265 | D:5      | Slain by an ufetubus

Levels and vault maps discovered:
D:1:      co_arrival_hexagon_in_a_hexagon, layout_rooms
D:2:      layout_rooms
D:3:      layout_basic, mainiacjoe_overflow_boulevard, item_on_display_a
D:4:      layout_basic, mainiacjoe_overflow_catwalk,
          ashenzari_conservatory_becter
D:5:      layout_cave_pools, zin_angel, serial_shops, nicolae_shop_peninsula,
          grunt_ministairs_5, uniq_pikel, uniq_prince_ribbit1, uniq_sigmund

Skill      XL: |  1  2  3  4  5 |
---------------+----------------+-----
Ranged Weapons | 6 7 8 9 |  9.7
Fighting       | 2 |  2.1
Dodging        | |  2.4
Stealth        | |  1.2

Action                     |  1- 3 |  4- 6 || total
---------------------------+-------+-------++-------
   Fire: Shortbow          |   113 |   115 ||   228
    Use: Scroll            |     4 |     4 ||     8
         Potion            |     1 |     3 ||     4
 Armour: Leather armour    |     4 |     3 ||     7
         Ring mail         |       |    18 ||    18
  Dodge: Dodged            |    12 |    33 ||    45

Table legend:
 A = Non-vault XP
 B = Vault XP
 C = Vault XP percentage of total XP
 D = Non-vault monster count
 E = Vault monster count
 F = Vault count percentage of total count
                 A         B        C        D         E       F
            +---------+---------+-------+---------+---------+-------
      Total |     439 |      42 |   8.7 |      73 |       1 |   1.4
            +---------+---------+-------+---------+---------+-------
        D:1 |      39 |       0 |   0.0 |      23 |       0 |   0.0
        D:2 |      52 |       0 |   0.0 |      15 |       0 |   0.0
        D:3 |      50 |       0 |   0.0 |      14 |       0 |   0.0
        D:4 |     250 |       0 |   0.0 |      18 |       0 |   0.0
        D:5 |      48 |      42 |  46.7 |       3 |       1 |  25.0
            +---------+---------+-------+---------+---------+-------
